AoeStats
← ShangTsung

Scandinavia

510858337Analyzed
1v1 RM · 16h ago on Oct 2, 2026· 56m 15s· 2 players
Game mode
Random Map
Map size
Tiny (2 player)
Population
200
Speed
Normal
Resources
Standard
Victory
Conquest
Starting age
Dark Age
Ending age
Imperial Age
RankedLock teamsTeams togetherTeam positionsShared explorationLock speedFull tech treeHidden civsTurbo modeCheats
Victory
Defeat
🇦🇺 Tupi · Australia
1371
+14
🇧🇷 Chinese · Brazil
1332
-14
ShangTsung
0:34 Loom
11:08 Feudal Age
14:50 Double-Bit Axe
15:05 Horse Collar
24:19 Castle Age
24:21 Fletching
25:44 Heavy Plow
25:54 Bow Saw
27:05 Wheelbarrow
26:31 Bodkin Arrow
28:01 Scale Barding Armor
29:12 Husbandry
32:23 Chain Barding Armor
38:53 Imperial Age
37:35 Hand Cart
38:28 Ballistics
38:32 Padded Archer Armor
39:44 Leather Archer Armor
40:31 Conscription
44:28 Two-Man Saw
43:29 Bracer
47:08 Cavalier
48:59 Plate Barding Armor
48:53 Forging
52:50 Bloodlines
faneca brava
5:44 Loom
13:57 Feudal Age
14:41 Town Watch
14:54 Double-Bit Axe
17:30 Castle Age
16:58 Gold Mining
17:01 Stone Mining
18:13 Forging
18:24 Medium Warships
23:49 Fletching
26:53 Guard Tower
27:00 Bodkin Arrow
30:42 Fishing Lines
34:29 Ballistics
34:38 Ballistics
35:50 Horse Collar
42:04 Imperial Age
39:48 Padded Archer Armor
41:36 Leather Archer Armor
42:48 Bracer
42:18 Heavy Scorpion
44:01 Chemistry
43:44 Elite Blackwood Archer
45:07 Ring Archer Armor
48:13 Ballistics
50:45 Hoardings
50:56 Conscription
54:46 Arson
55:02 Squires
54:22 Pikeman
55:27 Halberdier
56:08 Scale Mail Armor
Connection lost

Rejoining the realm…

Still unreachable

The connection could not be restored.

Session expired

The server has moved on; the page needs a fresh start.